 Dungeon Crawl Stone Soup version 0.24-a0-516-g9de272bb65 (webtiles) character file.

Game seed: 8178215647258872719

176 Greboboi the Covered (level 5, -15/46 HPs)
             Began as a Minotaur Fighter on July 22, 2019.
             Demolished by an ogre
             ... wielding a +6 great mace
              (26 damage)
             ... on level 3 of the Dungeon.
             The game lasted 00:04:53 (2159 turns).

Greboboi the Covered (Minotaur Fighter)             Turns: 2159, Time: 00:04:54

Health: -15/46     AC:  9    Str: 20    XL:     5   Next: 30%
Magic:  4/4        EV:  8    Int:  5    God:
Gold:   155        SH:  9    Dex: 11    Spells: 4/4 levels left

rFire    . . .     SeeInvis .   a - +0 flail
rCold    . . .     Gourm    .   c - +0 shield
rNeg     . . .     Faith    .   b - +0 scale mail
rPois    .         Spirit   .   (helmet restricted)
rElec    .         Reflect  .   r - +0 cloak
rCorr    .         Harm     .   u - +0 pair of gloves
MR       .....                  (no boots)
Stlth    ..........             (no amulet)
HPRegen  0.15/turn              (no ring)
MPRegen  0.09/turn              (no ring)

@: no status effects
A: retaliatory headbutt, horns 2
a: no special abilities


You were on level 3 of the Dungeon.
You were not hungry.

You visited 1 branch of the dungeon, and saw 3 of its levels.

You collected 155 gold pieces.

Inventory:

Hand Weapons
 a - a +0 flail (weapon)
Armour
 b - a +0 scale mail (worn)
 c - a +0 shield (worn)
 r - a +0 cloak (worn)
 u - a +0 pair of gloves (worn)
Scrolls
 e - 2 scrolls of identify {unknown}
 h - a scroll of amnesia {unknown}
 i - a scroll of fear {unknown}
 j - a scroll of remove curse {unknown}
 k - a scroll of fog {unknown}
 n - 2 scrolls of teleportation {unknown}
 q - a scroll of blinking {unknown}
 t - 2 scrolls of enchant armour {unknown}
Potions
 d - 3 potions of might
 g - 2 potions of heal wounds {unknown}
 l - 3 potions of curing {unknown}
 m - a potion of flight {unknown}
 o - a potion of lignification {unknown}
 s - 2 potions of brilliance {unknown}
Comestibles
 f - 5 rations
 p - 5 chunks of flesh


   Skills:
 + Level 4.3 Fighting
 + Level 3.7 Maces & Flails
 + Level 4.7 Armour
 * Level 2.2 Dodging
 + Level 4.6 Shields


You had 4 spell levels left.
You didn't know any spells.
Your spell library contained the following spells:

 Spells                   Type           Power        Failure   Level  Hunger
 Summon Small Mammal      Summ           #...         99%         1    ##.....
 Call Imp                 Summ           #.......     100%        2    ###....
 Call Canine Familiar     Summ           #.......     100%        3    ####...
 Summon Guardian Golem    Hex/Summ       #.......     100%        3    ####...
 Summon Ice Beast         Ice/Summ       #.......     100%        4    #####..
 Summon Lightning Spire   Summ/Air       #.......     100%        4    #####..


Dungeon Overview and Level Annotations

Branches:
Dungeon (3/15)

Altars:

Annotations:
D:3 1 transporter, TheNamelessOne's ghost, amateur DsFi


Innate Abilities, Weirdness & Mutations

You reflexively headbutt those who attack you in melee.
You have a pair of horns on your head.


Message History

You block the ogre's attack. TheNamelessOne's ghost hits you!
Your shield and scale mail prevent you from hitting TheNamelessOne's ghost.
TheNamelessOne's ghost is moderately damaged.
You block the ogre's attack. TheNamelessOne's ghost hits you!
* * * LOW HITPOINT WARNING * * *
You closely miss TheNamelessOne's ghost.
You headbutt TheNamelessOne's ghost, but do no damage.
TheNamelessOne's ghost is moderately damaged.
You block TheNamelessOne's ghost's attack.
You block the ogre's attack.
Unknown command.
You are too injured to fight recklessly!
You are too injured to fight recklessly!
You are too injured to fight recklessly!
You hit TheNamelessOne's ghost.
TheNamelessOne's ghost is moderately damaged.
You block TheNamelessOne's ghost's attack.
The ogre hits you with a +6 great mace!!
Ouch! That really hurt!
You die...

#.### #....# #.......>...#
###...#####..# #.###.......#
.####..## #..########...<...#
..####..# #..#.(....#.......#
#..# ##.# #..#.#..#.#.##.####
##>####.###.##..##..#.#..#
#....#.##..##..##..#.#.##
###.......###.#.O#$#©..#
#.......# #©.@W.?#...# #####
#.....†.# #.#..#.#©..# ##....
######..# #..##..#...## #..###
#.## #..##..#....###..... ## #.#
#.#..#.#..#......... .## #.#
#.....©#..##.####..# ..##
##.###########..#......... #..#
###.......÷...........##....
##.###....#########........#..##.


You could see an ogre and TheNamelessOne's ghost.

Vanquished Creatures
  A worker ant (D:2)
  9 adders
  An ooze (D:3)
  2 worms (D:2)
  2 leopard geckos (D:1)
  8 bats
  6 giant cockroaches
  8 goblins
  6 hobgoblins
  2 jackals (D:3)
  4 frilled lizards
  7 kobolds
  10 rats
66 creatures vanquished.

Notes
Turn   | Place    | Note
-------+----------+-------------------------------------------
     0 | D:1      | Greboboi the Minotaur Fighter began the quest for the Orb.
     0 | D:1      | Reached XP level 1. HP: 19/19 MP: 0/0
   231 | D:1      | Reached XP level 2. HP: 17/27 MP: 1/1
   456 | D:1      | Reached skill level 1 in Dodging
   684 | D:1      | Reached XP level 3. HP: 33/33 MP: 2/2
  1177 | D:2      | Reached XP level 4. HP: 26/40 MP: 3/3
  1726 | D:3      | Reached XP level 5. HP: 46/46 MP: 4/4
  1753 | D:3      | Found a transporter.
  1880 | D:3      | Noticed TheNamelessOne's ghost (amateur DsFi)
  1881 | D:3      | Found a transporter.
  1881 | D:3      | Noticed an ogre
  2159 | D:3      | Demolished by an ogre

Levels and vault maps discovered:
D:1:      roderic_dead_forest, layout_loops_ring, minmay_3d_cube
D:2:      layout_rooms, first_ration, serial_rivers,
          chequers_serial_rivers_large_a, chequers_serial_rivers_large_b,
          chequers_serial_rivers_micro_c, chequers_serial_rivers_micro_a
D:3:      layout_rooms, gammafunk_ghost_smash, minmay_misc_feat_columns,
          serial_bayou_crossing

Skill      XL: |  1  2  3  4 |
---------------+-------------+-----
Armour         | 4 |  4.7
Dodging        | 1 2 |  2.2
Fighting       | 4 |  4.3
Shields        | 4 |  4.6
Maces & Flails | 3 |  3.7

Action                   |  1- 3 |  4- 6 || total
-------------------------+-------+-------++-------
Melee: Flail             |   126 |    60 ||   186
       Headbutt          |    12 |     8 ||    20
  Eat: Chunk             |     1 |     2 ||     3
       Ration            |       |     1 ||     1
Armor: Scale mail        |    63 |    15 ||    78
Dodge: Dodged            |    46 |    20 ||    66
Block: Shield            |    68 |    36 ||   104

Table legend:
 A = Non-vault XP
 B = Vault XP
 C = Vault XP percentage of total XP
 D = Non-vault monster count
 E = Vault monster count
 F = Vault count percentage of total count
                 A         B        C        D         E       F
            +---------+---------+-------+---------+---------+-------
      Total |     245 |       7 |   2.8 |      62 |       4 |   6.1
            +---------+---------+-------+---------+---------+-------
        D:1 |      40 |       7 |  14.9 |      24 |       4 |  14.3
        D:2 |     130 |       0 |   0.0 |      23 |       0 |   0.0
        D:3 |      75 |       0 |   0.0 |      15 |       0 |   0.0
            +---------+---------+-------+---------+---------+-------
